 Dungeon Crawl Stone Soup version 0.28.0-43-g3370ac3207 (webtiles) character file.

Game seed: 11109207285689983402

99 vvl the Stinger (level 4, -2/32 HPs)
             Began as a Demonspawn Venom Mage on Mar 9, 2022.
             Killed by divine providence
             ... invoked by an orc priest
              (15 damage)
             ... on level 3 of the Dungeon.
             The game lasted 00:05:43 (3194 turns).

vvl the Stinger (Demonspawn Venom Mage)             Turns: 3194, Time: 00:05:44

Health: -2/32      AC:  5    Str: 14    XL:     4   Next: 45%
Magic:  3/7        EV: 17    Int: 18    God:
Gold:   92         SH:  0    Dex: 14    Spells: 2/7 levels left

rFire   . . .      SeeInvis .   j - +0 short sword (flame)
rCold   . . .      Faith    .   (no shield)
rNeg    . . .      Spirit   .   k - +0 leather armour
rPois   .          Reflect  .   (no helmet)
rElec   .          Harm     .   (no cloak)
rCorr   .          Rampage  .   (no gloves)
Will    .....                   (no boots)
Stlth   ++........              (no amulet)
HPRegen 0.10/turn               e - +6 ring of strength
MPRegen 0.10/turn               (no ring)

@: agile, very slightly contaminated
A: slimy green scales 1, foul stench 1, powered by pain 1
a: no special abilities


You were on level 3 of the Dungeon.
You visited 1 branch of the dungeon, and saw 3 of its levels.

You collected 92 gold pieces.

Inventory:

Hand Weapons
 j - a +0 short sword of flaming (weapon)
Armour
 k - a +0 leather armour (worn)
Jewellery
 e - a +6 ring of strength (left hand)
Wands
 h - a wand of flame (26)
Scrolls
 c - a scroll of fog {unknown}
 d - a scroll of vulnerability {unknown}
 i - a scroll of blinking {unknown}
Potions
 a - a potion of cancellation {unknown}
 f - 3 potions of curing {unknown}
 g - a potion of lignification {unknown}


   Skills:
 + Level 1.1 Fighting
 + Level 0.1 Armour
 - Level 2.0 Dodging
 - Level 2.0 Stealth
 + Level 2.4 Spellcasting
 + Level 1.2 Necromancy
 + Level 1.7 Transmutations
 * Level 3.9 Poison Magic


You had 2 spell levels left.
You knew the following spells:

 Your Spells              Type           Power      Damage    Failure   Level
a - Sting                 Tmut/Pois      48%        1d5       7%          1
b - Olgreb's Toxic Radia  Pois           16%        N/A       41%         4

Your spell library contained the following spells:

 Spells                   Type           Power      Damage    Failure   Level
 Poisonous Vapours        Pois/Air       18%        N/A       16%         2
 Mephitic Cloud           Conj/Pois/Air  6%         N/A       36%         3


Dungeon Overview and Level Annotations

Branches:
Dungeon (3/15)

Altars:


Innate Abilities, Weirdness & Mutations

You are partially covered in slimy green scales. (AC +2)
You may rarely emit foul miasma when damaged in melee.
You sometimes gain a little power by taking damage.


Message History

No target in view!
You can't see any susceptible monsters within range! (Use Z to cast anyway.) No target in view!
You can't see any susceptible monsters within range! (Use Z to cast anyway.)
You now have 92 gold pieces (gained 9).
An orc priest and an orc wizard come into view.
The orc priest shouts!
The orc wizard shouts!
There are monsters nearby!
There are monsters nearby!
There are monsters nearby!
There are monsters nearby!
A ball python and an orc priest come into view.
The orc priest shouts!
The orc wizard casts a spell at you. You resist with some effort.
The orc priest miscasts a cantrip. x2
The ball python moves out of view.
Casting: Sting (safe; 7% risk of failure)
Confirm with . or Enter, or press ? or * to list all spells.
The spell is potentially lethal to miscast (41% risk of failure)!
Continue anyway?
You miscast Olgreb's Toxic Radiance.
You are very lightly contaminated with residual magic.
Nothing appears to happen.
The orc priest casts a cantrip, but nothing happens.
Casting: Olgreb's Toxic Radiance (potentially lethal; 41% risk of failure)
Confirm with . or Enter, or press ? or * to list all spells.
You don't have enough magic to cast this spell.
Casting: Olgreb's Toxic Radiance (potentially lethal; 41% risk of failure)
Confirm with . or Enter, or press ? or * to list all spells.
You don't have enough magic to cast this spell.
There are monsters nearby!
The orc priest invokes the aid of Beogh against you.
Beogh smites you!
The orc priest looks braver for a moment.
The orc priest mumbles some strange prayers to Beogh against you.
Beogh smites you!
You focus on the pain.
You feel agile all of a sudden.
The orc priest calls down the wrath of Beogh upon you.
Beogh smites you!
You die...

.. #...# ... #### #...########
....########..# #....#.....#
..........o...# #..#.#.....###
.........##...###.##.#........
...$##o.##.####..#...........
.. .#......####.##...........
....o..................###
.....###.S.@........######
......# #.............# .....#
#...#..#.......# .....
#...##..#......# ..... .....
##........# .....# ##>.......#
.##.####..†.....#######
#..#.................#
##....#...........#....


You could see 2 orc priests and a ball python.

Vanquished Creatures
  4 adders
  A dart slug (D:1)
  5 orcs (D:2)
  4 bats
  4 endoplasms
  5 goblins
  6 hobgoblins
  2 jackals (D:1)
  9 kobolds
  2 quokkas
  2 ball pythons (D:2)
  6 frilled lizards
  3 rats (D:1)
53 creatures vanquished.

Notes
Turn   | Place    | Note
-------+----------+-------------------------------------------
     0 | D:1      | vvl the Demonspawn Venom Mage began the quest for the Orb.
     0 | D:1      | Reached XP level 1. HP: 13/13 MP: 3/3
    39 | D:1      | Reached skill level 1 in Transmutations
   316 | D:1      | Gained mutation: You may rarely emit foul miasma when
                  | damaged in melee. [demonic ancestry]
   316 | D:1      | Reached XP level 2. HP: 20/20 MP: 3/5
  1278 | D:1      | Gained mutation: You sometimes gain a little power by
                  | taking damage. [demonic ancestry]
  1278 | D:1      | Reached XP level 3. HP: 25/25 MP: 3/6
  2033 | D:2      | Reached skill level 1 in Necromancy
  2448 | D:2      | Reached skill level 1 in Fighting
  2704 | D:2      | Gained mutation: You are partially covered in slimy green
                  | scales. (AC +2) [demonic ancestry]
  2704 | D:2      | Reached XP level 4. HP: 32/32 MP: 4/7
  2737 | D:2      | Learned a level 4 spell: Olgreb's Toxic Radiance
  3194 | D:3      | Killed from afar by an orc priest

Illustrated notes

Levels and vault maps discovered:
D:1:      wander_arrival_chamber, layout_loops_ring
D:2:      layout_basic, chequers_mini_garden
D:3:      layout_rooms, lemuel_crystal_altar, basic_ecumenical_altar,
          minmay_misc_feat_tower, serial_park_tiny_1, serial_bayou_ford_a,
          chequers_serial_rivers_micro_d, nicolae_figureground_pulse

Skill      XL: |  1  2  3 |
---------------+----------+-----
Transmutations | 1 |  1.7
Stealth        | 2 |  2.0
Dodging        | 2 |  2.0
Necromancy     | 1 |  1.2
Fighting       | 1 |  1.1
Armour         | |  0.1
Spellcasting   | |  2.4
Poison Magic   | |  3.9

Action                   |  1- 3 |  4- 6 || total
-------------------------+-------+-------++-------
Melee: Unarmed           |    15 |       ||    15
       Short sword       |    47 |    11 ||    58
 Cast: Sting             |    64 |    15 ||    79
Armor: Robe              |    17 |     1 ||    18
       Leather armour    |       |     5 ||     5
Dodge: Dodged            |    75 |    14 ||    89
